Map: Site Delta LE

Players

Subwayeatn - Winner!

  • Race: Zerg Zerg
  • League: Diamond
  • Spawn Location: 11:00

paniC

  • Race: Zerg Zerg
  • League: Diamond
  • Spawn Location: 5:00

VOD

Have the link to the VOD?

Description

Time

  • Played on: Nov. 16, 2023, 12:27 p.m.
  • Length: 4:28
Show
View Real Time Build Order
Export as new Build Order

Subwayeatn Zerg - Winner!

Build Orders: Pool First 

Get SALT Encoding   

  12  0:00  Drone  
  13  0:14  Drone  
  13  0:19  Extractor  
  13  0:28  Spawning Pool  
  12  0:55  Hatchery  
  11  1:15  Queen  
  13  1:32  Metabolic Boost  
  13  1:34  Overlord  
  13  1:39  Zergling x2  
  14  1:53  Zergling x2  
  15  1:57  Zergling x2  
  15  1:58  Zergling x2  
  17  2:22  Zergling x8  
  21  2:26  Queen  
  23  2:31  Zergling x2  
  23  2:32  Zergling x2  
  25  2:42  Zergling x4  
  27  2:52  Zergling x2  
  25  3:17  Zergling x2  
  25  3:18  Zergling x2  
  26  3:32  Zergling x4  
Show
View Real Time Build Order
Export as new Build Order

paniC Zerg 

Build Orders: Hatch First 

Get SALT Encoding   

  12  0:00  Drone  
  13  0:12  Overlord  
  13  0:16  Drone  
  14  0:30  Drone x2  
  16  0:42  Drone  
  17  0:52  Hatchery  
  16  1:05  Spawning Pool  
  16  1:09  Drone  
  16  1:12  Extractor  
  16  1:14  Drone  
  16  1:18  Drone  
  17  1:21  Drone  
  18  1:32  Drone  
  19  1:41  Drone  
  20  1:52  Overlord, Queen  
  22  2:04  Queen  
  22  2:05  Zergling x4  
  26  2:16  Zergling x4, Metabolic Boost  
  28  2:25  Drone  
  28  2:27  Drone  
  30  2:36  Drone  
  31  2:43  Baneling Nest  
  30  2:46  Zergling x4  
  32  2:52  Spine Crawler  
  32  2:56  Drone  
  32  2:57  Zergling x2  
  33  3:09  Zergling x6  
  30  3:13  Zergling x4  
  30  3:17  Zergling x2  
  31  3:21  Spine Crawler  
  31  3:23  Baneling Nest  
  27  3:58  Overlord  
  27  3:59  Overlord x3  
  26  4:24  Spine Crawler  
  26  4:26  Spine Crawler  
Tags
 
Add a new tag
Caveats
  • Supply blocks, unpowered buildings, or Contaminate may cause inaccurate times.
  • Supply counts are checked every 10 seconds.